 Dungeon Crawl Stone Soup version 0.27.1-3-gb3d3a73c9e (webtiles) character file.

Game seed: 3858169555418785048

387 Descartes the Shield-Bearer (level 7, -6/52 HPs)
             Began as a Formicid Wanderer on Oct 16, 2021.
             Killed by nerve-wracking pain
             ... invoked by Menkaure
              (9 damage)
             ... on level 5 of the Dungeon.
             The game lasted 00:07:09 (4080 turns).

Descartes the Shield-Bearer (Formicid Wanderer)     Turns: 4080, Time: 00:07:10

Health: -6/52      AC: 10    Str: 18    XL:     7   Next: 6%
Magic:  0/7        EV:  7    Int: 10    God:
Gold:   117        SH:  0    Dex: 12    Spells: 4/7 levels left

rFire    + . .     SeeInvis +   a - +2 quarterstaff
rCold    + . .     Faith    .   (no shield)
rNeg     . . .     Spirit   +   o - +0 chain mail
rPois    +         Reflect  .   (helmet unavailable)
rElec    +         Harm     .   (no cloak)
rCorr    +         Rampage  .   (no gloves)
Will     .....                  (no boots)
Stlth    ..........             n - amulet of guardian spirit
HPRegen  0.17/turn              (no ring)
MPRegen  0.10/turn              (no ring)

@: resistant
A: permanent stasis, dig shafts and tunnels, antennae 3, four strong arms
a: Dig, Shaft Self


You were on level 5 of the Dungeon.
You visited 1 branch of the dungeon, and saw 5 of its levels.

You collected 117 gold pieces.

Inventory:

Hand Weapons
 a - a +2 quarterstaff (weapon)
 c - a +0 mace
 h - a +0 hunting sling
 m - a +0 spear
 x - a +3 short sword
Missiles
 e - 111 stones
 p - 4 poisoned darts
 u - 10 sling bullets
Armour
 d - a +0 robe
 i - a +0 leather armour
 o - a +0 chain mail (worn)
Magical Staves
 q - a staff of cold
Jewellery
 n - an amulet of guardian spirit (around neck)
Wands
 r - a wand of paralysis (5)
 y - a wand of flame (9)
Scrolls
 f - 2 scrolls of teleportation {unknown}
 j - 2 scrolls of enchant weapon {unknown}
 l - 3 scrolls of fear {unknown}
 s - a scroll of fog {unknown}
 t - a scroll of enchant armour {unknown}
Potions
 b - a potion of curing
 g - a potion of resistance
 k - a potion of brilliance {unknown}
 v - 2 potions of attraction {unknown}
 w - 2 potions of mutation {unknown}
 z - a potion of flight {unknown}
 A - a potion of lignification {unknown}


   Skills:
 - Level 3.2 Fighting
 - Level 1.0(1.6) Maces & Flails
 - Level 2.0(2.1) Staves
 + Level 5.5 Armour
 - Level 1.2 Stealth
 + Level 5.6 Shields
 + Level 0.5 Spellcasting
 + Level 0.9 Earth Magic


You had 4 spell levels left.
You knew the following spells:

 Your Spells              Type           Power      Damage    Failure   Level
a - Stone Arrow           Conj/Erth      2%         3d7       100%        3

Your spell library contained the following spells:

 Spells                   Type           Power      Damage    Failure   Level
 Slow                     Hex            0%         N/A       99%         2
 Confusing Touch          Hex            0%         N/A       100%        3
 Bolt of Magma            Conj/Fire/Erth 0%         4d4       100%        5
 Yara's Violent Unravell  Hex/Tmut       0%         3d3       100%        5
 Shatter                  Erth           1%         3d5*      100%        9


Dungeon Overview and Level Annotations

Branches:
Dungeon (5/15)
 Temple: D:4-7

Altars:

Annotations:
D:5 Menkaure


Innate Abilities, Weirdness & Mutations

You cannot be hasted, slowed, berserked, paralysed or teleported.
You can dig through walls and to a lower floor.
You have a pair of large antennae on your head. (SInv)
Your four strong arms can wield two-handed weapons with a shield.


Message History

You are too injured to fight recklessly!
You are too injured to fight recklessly!
You are too injured to fight recklessly!
You are too injured to fight recklessly!
You are too injured to fight recklessly!
You are too injured to fight recklessly!
You are too injured to fight recklessly!
You are too injured to fight recklessly!
You are too injured to fight recklessly!
You are too injured to fight recklessly!
You are too injured to fight recklessly!
You hit Menkaure.
Menkaure is moderately damaged.
Menkaure mumbles some strange words.
Menkaure seems to speed up.
You hit Menkaure.
Menkaure is heavily damaged.
Menkaure calls on the powers of darkness!
Your body is wracked with pain!
* * * LOW HITPOINT WARNING * * *
You hit Menkaure but do no damage.
Menkaure is heavily damaged.
Menkaure closely misses you. Menkaure barely misses you.
You barely miss Menkaure.
Menkaure is heavily damaged.
Menkaure barely misses you.
Unknown command.
You hit Menkaure but do no damage.
Menkaure is heavily damaged.
Menkaure hits you.
* * * LOW HITPOINT WARNING * * *
Menkaure hits you!
* * * LOW HITPOINT WARNING * * *
You feel better. Menkaure hits you!
* * * LOW HITPOINT WARNING * * *
It was a potion of resistance.
You feel protected.
Menkaure points at you and mumbles some strange words.
Pain shoots through your body!
You die...

#.#. ####### #.#.# ###.....#
#.#.. ..#.###.#
#<#.###.#.#.#.#
......#.#.#.#.# ###
#.#.....#.#.#.#
#..###M#.#.#.#.#.#.#
#..#..@#.....#...#.#
#..#.#.....#.###.#.##
#..#.#...........>..# {
#..#.#.......#.#.####
#..#.##.####.......#
#[>..........#.#.#.#
#########.##.#.######.#.#.#
........................###
##########...##.#.######.###


You could see Menkaure (fast).

Vanquished Creatures
  Sigmund (D:2)
  A scorpion (D:5)
  A bullfrog zombie (D:3)
  Ijyb (D:3)
  Robin (D:2)
  3 adders
  A worm (D:2)
  3 dart slugs
  An orc (D:3)
  3 ball pythons
  5 endoplasms
  2 giant cockroaches
  10 goblins
  8 hobgoblins
  3 quokkas
  6 bats
  A frilled lizard (D:2)
  10 kobolds
  8 rats
69 creatures vanquished.

Notes
Turn   | Place    | Note
-------+----------+-------------------------------------------
     0 | D:1      | Descartes the Formicid Wanderer began the quest for the
                  | Orb.
     0 | D:1      | Descartes set off with the following items: a +2
                  | quarterstaff, a potion of curing, a +0 mace, a +0 robe
     0 | D:1      | Reached XP level 1. HP: 18/18 MP: 1/1
   173 | D:1      | Reached XP level 2. HP: 24/24 MP: 2/2
   509 | D:1      | Reached XP level 3. HP: 29/29 MP: 3/3
  1455 | D:2      | Reached XP level 4. HP: 17/31 MP: 4/4
  1902 | D:2      | Noticed Robin
  1907 | D:2      | Killed Robin
  2043 | D:2      | You fall into a shaft and drop 2 floors!
  2101 | D:3      | Reached XP level 5. HP: 19/41 MP: 3/5
  2711 | D:2      | Noticed Sigmund
  2723 | D:2      | Killed Sigmund
  2724 | D:2      | Reached skill level 5 in Armour
  2724 | D:2      | Reached skill level 5 in Shields
  2724 | D:2      | Reached XP level 6. HP: 10/47 MP: 2/6
  3604 | D:3      | Found a faded altar of an unknown god.
  3682 | D:3      | Noticed Ijyb
  3699 | D:3      | Killed Ijyb
  3868 | D:3      | You fall into a shaft and drop 2 floors!
  3868 | D:5      | Entered Level 5 of the Dungeon
  3880 | D:5      | Learned a level 3 spell: Stone Arrow
  3895 | D:5      | Reached XP level 7. HP: 43/52 MP: 7/7
  4069 | D:5      | Noticed Menkaure
  4080 | D:5      | Killed from afar by Menkaure

Illustrated notes

Levels and vault maps discovered:
D:1:      mrwooster_arrival_arrow, layout_basic, minmay_misc_feat_more_columns
D:2:      layout_basic, uniq_sigmund, uniq_robin
D:3:      layout_basic, nicolae_qazlal_eye_of_the_storm,
          shapermc_ecumenical_altar_pompeii, grunt_ministairs_6, minmay_vboxes,
          uniq_ijyb
D:4:      layout_basic, minmay_crystal_room
D:5:      layout_basic, vehumet_statue, minivault_25, uniq_menkaure

Skill      XL: |  1  2  3  4  5 |
---------------+----------------+-----
Shields        | 2 3 5 |  5.6
Armour         | 3 4 5 |  5.5
Fighting       | |  3.2
Maces & Flails | |  1.0
Staves         | |  2.0
Stealth        | |  1.2
Spellcasting   | |  0.5
Earth Magic    | |  0.9

Action                   |  1- 3 |  4- 6 |  7- 9 || total
-------------------------+-------+-------+-------++-------
Melee: Quarterstaff      |    78 |   119 |     8 ||   205
  Use: Potion            |       |       |     2 ||     2
 Stab: Sleeping          |       |     1 |       ||     1
Armor: Robe              |     9 |       |       ||     9
       Leather armour    |    12 |    14 |       ||    26
       Chain mail        |       |    21 |       ||    21
Dodge: Dodged            |    43 |    50 |     4 ||    97
